 Dungeon Crawl Stone Soup version 0.23.2-33-g5129a83184 (webtiles) character file.

Game seed: 10892804238905339625

4275 lorenzova the Thaumaturge (level 10, -1/50 HPs)
             Began as a Deep Elf Conjurer on July 19, 2019.
             Was a Believer of Vehumet.
             Slain by a water moccasin (5 damage)
             ... on level 8 of the Dungeon.
             The game lasted 00:26:55 (10048 turns).

lorenzova the Thaumaturge (Deep Elf Conjurer)      Turns: 10048, Time: 00:26:55

Health: -1/50      AC:  5    Str:  5    XL:     10   Next: 10%
Magic:  2/28       EV: 13    Int: 24    God:    Vehumet [**....]
Gold:   365        SH:  3    Dex: 15    Spells: 22/33 levels left

rFire    . . .     SeeInvis .   r - +1 dagger (venom)
rCold    . . .     Gourm    .   (no shield)
rNeg     . . .     Faith    .   a - +0 robe
rPois    .         Spirit   .   (no helmet)
rElec    .         Reflect  +   n - -2 cloak (curse)
rCorr    .         Harm     .   u - +2 pair of gloves
MR       +....                  s - +0 pair of boots
Stlth    ++........             g - +3 amulet of reflection
HPRegen  0.16/turn              (no ring)
MPRegen  0.21/turn              (no ring)

@: lethally poisoned (-1 -> -11)
A: no striking features
a: Renounce Religion


You were on level 8 of the Dungeon.
You worshipped Vehumet.
Vehumet was pleased with you.
You were not hungry.

You visited 1 branch of the dungeon, and saw 8 of its levels.

You collected 365 gold pieces.

Inventory:

Hand Weapons
 b - a +0 short sword
 r - a +1 dagger of venom (weapon)
Armour
 a - a +0 robe (worn)
 n - a cursed -2 cloak (worn)
 s - a +0 pair of boots (worn)
 u - a +2 pair of gloves (worn)
Jewellery
 g - a +3 amulet of reflection (around neck)
 y - the amulet "Farch" {Regen+ Int+6}
   (You found it on level 6 of the Dungeon)

   [amulet of regeneration]

   It affects your intelligence (+6).
   It increases your rate of regeneration.
Wands
 k - a wand of flame (8)
 w - a wand of iceblast (9)
 B - a wand of digging (5)
Scrolls
 d - 2 scrolls of immolation {unknown}
 f - 4 scrolls of teleportation
 h - 2 scrolls of fog {unknown}
 i - 3 scrolls of identify
 l - 3 scrolls of enchant weapon {unknown}
 m - 3 scrolls of remove curse {unknown}
 p - 4 scrolls of amnesia {unknown}
 t - a scroll of blinking {unknown}
 x - a scroll of magic mapping {unknown}
 A - a scroll of summoning {unknown}
Potions
 e - 2 potions of agility {unknown}
 j - 3 potions of heal wounds {unknown}
 o - a potion of haste {unknown}
 q - 2 potions of degeneration {unknown}
 v - a potion of curing {unknown}
 z - a potion of berserk rage {unknown}
 C - a potion of flight {unknown}
 D - a potion of cancellation {unknown}
 F - a potion of might {unknown}
Comestibles
 c - 8 rations
 E - 4 chunks of flesh


   Skills:
 - Level 2.5 Dodging
 - Level 2.4 Stealth
 * Level 12.3 Spellcasting
 * Level 11.2 Conjurations
 + Level 7.5 Hexes


You had 22 spell levels left.
You knew the following spells:

 Your Spells              Type           Power        Failure   Level  Hunger
a - Magic Dart            Conj           ####         1%          1    None
b - Searing Ray           Conj           ######       1%          2    None
c - Iskenderun's Mystic   Conj           ######..     1%          4    None
d - Fulminant Prism       Conj/Hex       ######....   1%          4    None

Your spell library contained the following spells:

 Spells                   Type           Power        Failure   Level  Hunger
 Shock                    Conj/Air       ####         1%          1    None
 Corona                   Hex            ######.      1%          1    None
 Ensorcelled Hibernation  Hex/Ice        ####..       1%          2    None
 Confuse                  Hex            ######..     1%          3    None
 Dazzling Spray           Conj/Hex       ######       1%          3    None
 Tukima's Dance           Hex            ######..     1%          3    None
 Force Lance              Conj/Tloc      #####...     4%          4    None


Dungeon Overview and Level Annotations

Branches:
Dungeon (8/15)             Temple (0/1) D:4
   Lair: D:8-11

Altars:
Dithmenos
Fedhas
Gozag
Makhleb
Vehumet
Yredelemnul
Zin

Annotations:
D:5 3 runed translucent doors, jerry414's ghost, amateur DEVM


Message History

The water moccasin bites you but does no damage.
* * * LOW HITPOINT WARNING * * *
You feel sick.
* * * LOW HITPOINT WARNING * * *
You feel sick. The water moccasin barely misses you.
You hit the water moccasin.
The water moccasin is almost dead.
* * * LOW HITPOINT WARNING * * *
You feel sick. The water moccasin bites you.
* * * LOW HITPOINT WARNING * * *
You barely miss the water moccasin.
The water moccasin is almost dead.
* * * LOW HITPOINT WARNING * * *
You feel sick.
The water moccasin bites you but does no damage.
You miss the water moccasin.
The water moccasin is almost dead.
* * * LOW HITPOINT WARNING * * *
You feel sick. The water moccasin bites you.
You die...

#..........# # #..........# .
#. #..........# Z..
##)###.#######..........##.....
...............^............<..
##.###..................##.....
.#.# #..................# ...
.#.# #..(.......).......# .
.#.# #..........@S......# .#.#
#.................... .).#
#......##########....? #..#
#......# #..... ...###......#
#####.... ............#
##...##.. ............#
##8.<.8## ............#
#.......# ............#
#.>Y8...+


You could see a water moccasin.

Vanquished Creatures
  Grinder (D:6)
  3 hippogriffs
  A wraith (D:7)
  A hungry ghost (D:7)
  Duvessa (D:6)
  A water moccasin (D:7)
  An orc warrior (D:6)
  2 sky beasts (D:6)
  A black bear (D:6)
  A phantom (D:6)
  4 ice beasts (D:8)
  5 ogres
  A centaur (D:5)
  3 bullfrogs
  A gnoll sergeant (D:5)
  Dowan (D:6)
  A centaur zombie (D:5)
  3 hounds
  3 crimson imps
  5 jellies
  6 orc priests
  Crazy Yiuf (D:4)
  7 orc wizards
  A centaur skeleton (D:7)
  Natasha (thrice) (D:3)
  A bullfrog skeleton (D:6)
  An iguana (D:7)
  4 worker ants
  Terence (D:2)
  A hound zombie (D:5)
  A hound skeleton (D:5)
  A worker ant zombie (D:7)
  6 gnolls
  11 adders
  4 worms
  2 adder skeletons
  2 dart slugs
  6 leopard geckos
  29 orcs
  9 bats
  3 giant cockroaches
  6 goblins
  11 hobgoblins
  5 kobolds
  2 quokkas (D:2)
  3 ball pythons
  5 frilled lizards
  8 rats
  A fungus (D:4)
181 creatures vanquished.

Vanquished Creatures (others)
  18 fulminant prisms
18 creatures vanquished.

Grand Total: 199 creatures vanquished

Notes
Turn   | Place    | Note
-------+----------+-------------------------------------------
     0 | D:1      | lorenzova the Deep Elf Conjurer began the quest for the
                  | Orb.
     0 | D:1      | Reached XP level 1. HP: 10/10 MP: 6/6
   184 | D:1      | Reached XP level 2. HP: 11/15 MP: 0/8
   255 | D:1      | Learned a level 2 spell: Searing Ray
   714 | D:1      | Reached skill level 5 in Conjurations
   913 | D:2      | Reached XP level 3. HP: 19/19 MP: 5/10
   956 | D:2      | Reached skill level 4 in Spellcasting
   984 | D:2      | You fall through a shaft for 2 floors!
  1011 | D:4      | Noticed an ogre
  1411 | D:2      | Noticed Terence
  1420 | D:2      | Killed Terence
  1420 | D:2      | Reached XP level 4. HP: 24/24 MP: 5/12
  1589 | D:2      | Reached skill level 5 in Spellcasting
  2303 | D:3      | Reached XP level 5. HP: 28/28 MP: 11/14
  2371 | D:3      | Learned a level 4 spell: Iskenderun's Mystic Blast
  2941 | D:3      | Reached skill level 6 in Spellcasting
  2996 | D:3      | Noticed Natasha
  3000 | D:3      | Killed Natasha
  3000 | D:3      | Reached XP level 6. HP: 32/32 MP: 12/17
  3071 | D:3      | Noticed Natasha
  3073 | D:3      | Killed Natasha
  3125 | D:3      | Found a glowing silver altar of Zin.
  3126 | D:3      | Noticed an angel
  3358 | D:3      | Noticed Natasha
  3362 | D:3      | Killed Natasha
  3481 | D:4      | Learned a level 4 spell: Fulminant Prism
  3492 | D:4      | Found a radiant altar of Vehumet.
  3736 | D:4      | Reached skill level 1 in Hexes
  3775 | D:4      | Reached skill level 7 in Spellcasting
  3775 | D:4      | Reached XP level 7. HP: 36/36 MP: 1/19
  3917 | D:4      | Became a worshipper of Vehumet
  4092 | D:4      | Found a staircase to the Ecumenical Temple.
  4655 | D:4      | Found a runed translucent door.
  4656 | D:4      | Noticed Crazy Yiuf
  4666 | D:4      | Killed Crazy Yiuf
  4722 | D:5      | Entered Level 5 of the Dungeon
  4760 | D:5      | Found a basalt altar of Yredelemnul.
  5161 | D:5      | Reached skill level 8 in Spellcasting
  5976 | D:5      | Found a runed translucent gate.
  5976 | D:5      | Found a runed translucent gate.
  5976 | D:5      | Found a runed translucent gate.
  6078 | D:5      | Noticed jerry414's ghost (amateur DEVM)
  6163 | D:5      | Found a blossoming altar of Fedhas.
  6163 | D:5      | Found an opulent altar of Gozag.
  6510 | D:5      | Reached XP level 8. HP: 41/41 MP: 10/22
  6746 | D:6      | Reached skill level 9 in Spellcasting
  6834 | D:6      | Reached * piety under Vehumet
  6834 | D:6      | Offered knowledge of Freeze by Vehumet.
  6981 | D:6      | Noticed Duvessa
  6998 | D:6      | Noticed Dowan
  7002 | D:6      | Killed Duvessa
  7322 | D:6      | Killed Dowan
  7322 | D:6      | Reached skill level 5 in Hexes
  7388 | D:6      | Reached skill level 10 in Spellcasting
  7549 | D:6      | Noticed Grinder
  7567 | D:6      | Killed Grinder
  7567 | D:6      | Reached XP level 9. HP: 45/45 MP: 5/25
  7926 | D:6      | Found a shadowy altar of Dithmenos.
  8022 | D:6      | Got a coiled ivory amulet
  8086 | D:6      | Identified the amulet "Farch" {Regen+ Int+6} (You found it
                  | on level 6 of the Dungeon)
  8141 | D:7      | Reached skill level 10 in Conjurations
  8358 | D:7      | Reached skill level 11 in Spellcasting
  9399 | D:8      | Found a burning altar of Makhleb.
  9399 | D:8      | Noticed a green death
  9609 | D:8      | Reached skill level 12 in Spellcasting
  9819 | D:8      | Offered knowledge of Shock by Vehumet.
  9822 | D:8      | Reached ** piety under Vehumet
  9936 | D:8      | Reached XP level 10. HP: 50/50 MP: 21/28
 10048 | D:8      | Slain by a water moccasin

Skill      XL: |  1  2  3  4  5  6  7  8  9 |
---------------+----------------------------+-----
Conjurations   | 5 6 7 8 9 11 | 11.2
Spellcasting   | 4 5 6 7 8 10 12 | 12.3
Hexes          | 1 3 5 7 |  7.5
Dodging        | |  2.5
Stealth        | |  2.4

Action                   |  1- 3 |  4- 6 |  7- 9 | 10-12 || total
-------------------------+-------+-------+-------+-------++-------
Melee: Short sword       |     2 |     1 |       |       ||     3
       Dagger            |       |       |    20 |     6 ||    26
 Cast: Magic Dart        |    78 |   100 |   125 |    19 ||   322
       Searing Ray       |     1 |     5 |     7 |       ||    13
       Iskenderun's Myst |       |     9 |    85 |     6 ||   100
       Fulminant Prism   |       |       |    17 |     1 ||    18
  Use: Scroll            |     1 |     1 |     1 |       ||     3
 Stab: Sleeping          |     1 |     1 |       |       ||     2
  Eat: Chunk             |     1 |     8 |    13 |     2 ||    24
       Ration            |       |       |     2 |       ||     2
Armor: Robe              |     2 |       |    11 |     6 ||    19
Dodge: Dodged            |    16 |    11 |    33 |     7 ||    67
Block: Other             |       |     1 |     4 |     1 ||     6
